 Dungeon Crawl Stone Soup version 0.28-b1-1-g3c77fb2ed1 (webtiles) character file.

Game seed: 10280144685469315551

14173 pkoi the Bludgeoner (level 11, 0/99 HPs)
             Began as a Minotaur Fighter on Jan 28, 2022.
             Was the Champion of Okawaru.
             Slain by a basilisk (5 damage)
             ... while petrified by a basilisk
             ... on level 3 of the Lair of Beasts.
             The game lasted 00:14:07 (13558 turns).

pkoi the Bludgeoner (Minotaur Fighter)             Turns: 13558, Time: 00:14:07

Health: 0/99       AC: 13    Str: 25    XL:     11   Next: 85%
Magic:  14/14      EV:  2    Int:  8    God:    Okawaru [******]
Gold:   604        SH:  0    Dex: 10    Spells: 10/10 levels left

rFire   . . .      SeeInvis +   l - +6 shillelagh "Devastator" {shatter}
rCold   . . .      Faith    .   c - +1 buckler
rNeg    + + +      Spirit   .   G - +2 steam dragon scales
rPois   ∞          Reflect  .   x - +1 hat {Int+3}
rElec   .          Harm     .   t - +0 cloak
rCorr   .          Rampage  .   (no gloves)
Will    .....                   B - +0 pair of boots
Stlth   +.........              H - amulet of the acrobat
HPRegen 0.26/turn               C - +4 ring of slaying
MPRegen 0.14/turn               J - ring of see invisible

@: petrified, studying Maces & Flails
A: horns 2, retaliatory headbutt
a: Renounce Religion, Heroism, Finesse, Duel


You were on level 3 of the Lair of Beasts.
You worshipped Okawaru.
Okawaru was exalted by your worship.
You visited 3 branches of the dungeon, and saw 12 of its levels.
You also visited: Sewer and Volcano.

You collected 604 gold pieces.

Inventory:

Hand Weapons
 a - a +1 long sword
 l - the +6 shillelagh "Devastator" (weapon) {shatter}
   (You found it on level 2 of the Dungeon)

   It releases a powerful concussive burst when it strikes, dealing extra damage
   to the target and all other foes adjacent to them.
 F - a +2 long sword of flaming
Missiles
 p - 23 poisoned darts (quivered)
Armour
 c - a +1 buckler (worn)
 t - a +0 cloak (worn)
 x - a +1 hat of intelligence (worn)
 B - a +0 pair of boots (worn)
 G - +2 steam dragon scales (worn)
Jewellery
 C - a +4 ring of slaying (left hand)
 H - an amulet of the acrobat (around neck)
 J - a ring of see invisible (right hand)
Wands
 b - a wand of iceblast (8)
 E - a wand of digging (3)
Scrolls
 e - 3 scrolls of amnesia
 f - 5 scrolls of identify
 g - 2 scrolls of enchant armour
 k - 5 scrolls of teleportation
 m - 3 scrolls of fog
 n - a scroll of brand weapon {unknown}
 r - a scroll of blinking
 s - 4 scrolls of enchant weapon
 D - 2 scrolls of fear
Potions
 d - 2 potions of might
 h - a potion of invisibility
 i - 7 potions of flight
 j - 2 potions of heal wounds
 o - 2 potions of magic
 q - a potion of berserk rage
 u - a potion of ambrosia
 v - a potion of lignification {unknown}
 w - a potion of brilliance
 A - 2 potions of curing
 I - 3 potions of haste


   Skills:
 + Level 9.8 Fighting
 + Level 8.6 Long Blades
 - Level 16.0 Maces & Flails
 + Level 9.9 Armour
 + Level 6.9 Dodging
 - Level 4.0 Shields
 + Level 6.3 Invocations
 + Level 4.2 Evocations


You had 10 spell levels left.
You didn't know any spells.
Your spell library contained the following spells:

 Spells                   Type           Power      Damage    Failure   Level
 Beastly Appendage        Tmut           0%         N/A       50%         1
 Magic Dart               Conj           0%         1d3       50%         1
 Blink                    Tloc           0%         N/A       63%         2
 Ensorcelled Hibernation  Hex/Ice        0%         N/A       63%         2
 Searing Ray              Conj           0%         2d4       63%         2
 Wereblood                Tmut           0%         N/A       63%         2
 Spider Form              Tmut/Pois      0%         N/A       86%         3
 Anguish                  Hex/Necr       0%         N/A       99%         4
 Fulminant Prism          Conj/Hex       0%         3d6       99%         4
 Manifold Assault         Tloc           0%         N/A       100%        5
 Storm Form               Tmut/Air       0%         N/A       100%        7


Dungeon Overview and Level Annotations

Branches:
Dungeon (8/15)             Temple (1/1) D:5            Lair (3/6) D:8
 Shoals (0/4) Lair:2       Spider (0/4) Lair:3        Sewer (visited)
Volcano (visited)

Altars:
Ashenzari
Cheibriados
Dithmenos
Elyvilon
Fedhas
Gozag
Hepliaklqana
Kikubaaqudgha
Makhleb
Nemelex Xobeh
Okawaru
Qazlal
Ru
Sif Muna
Trog
Uskayaw
Wu Jian
Xom
Yredelemnul
Zin
The Shining One

Shops:
D:4 :


Innate Abilities, Weirdness & Mutations

You have a pair of horns on your head.
You reflexively headbutt those who attack you in melee.


Message History

The seven-headed hydra barely misses you. x2
The seven-headed hydra bites you.
The seven-headed hydra bites you but does no damage.
The seven-headed hydra bites you.
The seven-headed hydra bites you but does no damage.
The seven-headed hydra bites you but does no damage. x3
The seven-headed hydra bites you!
The seven-headed hydra bites you but does no damage.
The seven-headed hydra bites you! The seven-headed hydra bites you.
The basilisk bites you! The seven-headed hydra bites you.
The seven-headed hydra bites you!
The seven-headed hydra bites you but does no damage. x2
The seven-headed hydra bites you!
The seven-headed hydra bites you but does no damage.
The seven-headed hydra completely misses you.
The basilisk bites you but does no damage.
The seven-headed hydra bites you!
The seven-headed hydra bites you but does no damage.
The seven-headed hydra bites you. x2
* * * LOW HITPOINT WARNING * * *
The seven-headed hydra bites you!
* * * LOW HITPOINT WARNING * * *
The seven-headed hydra bites you.
* * * LOW HITPOINT WARNING * * *
The seven-headed hydra bites you.
* * * LOW HITPOINT WARNING * * *
The basilisk bites you but does no damage.
The seven-headed hydra bites you.
* * * LOW HITPOINT WARNING * * *
The seven-headed hydra bites you!
* * * LOW HITPOINT WARNING * * *
The seven-headed hydra bites you but does no damage.
The seven-headed hydra bites you!
* * * LOW HITPOINT WARNING * * *
The seven-headed hydra bites you but does no damage.
The seven-headed hydra bites you!
* * * LOW HITPOINT WARNING * * *
The seven-headed hydra bites you but does no damage.
The basilisk bites you!
You die...

.....###.#.<.......#
.....##............#
.....#....††.......#
.....'..##.........#
.....#####.........#
.....# #.........#
##.#.P# #.P#.##.###
.###### ######...#
.# ###.#.l@## ..
#....(D#.# .+.
##....#### #.+.##.
..... .D .#.... ...
+... ...# #... l..#
#.P ...#


You could see a seven-headed hydra and a basilisk.

Vanquished Creatures
  Gastronok (Lair:2)
  A hydra (Lair:1)
  A boulder beetle (Lair:1)
  6 elephants (Lair:2)
  Maggie (D:8)
  7 cane toads
  A komodo dragon (Lair:1)
  A hornet (D:6)
  3 blink frogs (Lair:2)
  2 flying skulls (Volcano)
  5 culicivoras (Lair:3)
  A wyvern (D:8)
  2 basilisks
  14 yaks
  Menkaure (D:6)
  4 water moccasins
  A hornet zombie (D:8)
  A black bear (D:5)
  4 orc warriors
  2 necrophages (D:6)
  A centaur (D:6)
  4 kobold brigands
  3 bullfrogs (Lair:1)
  A wyvern zombie (D:7)
  A water moccasin skeleton (D:6)
  A howler monkey (D:4)
  3 bullfrog zombies
  A centaur zombie (D:4)
  3 hounds
  A centaur skeleton (D:7)
  3 orc priests
  4 jellies
  2 gnoll shamans
  2 iguanas
  9 orc wizards
  A killer bee zombie (D:7)
  A hound skeleton (D:4)
  10 gnolls
  A howler monkey skeleton (D:6)
  16 adders
  6 river rats (Sewer)
  A shadow imp (D:6)
  3 white imps
  An ufetubus (D:6)
  An adder skeleton (D:4)
  5 worms
  4 dart slugs
  30 orcs
  19 bats
  9 endoplasms
  7 giant cockroaches
  6 goblins
  15 hobgoblins
  10 jackals
  7 quokkas
  12 ball pythons
  7 frilled lizards
  24 kobolds
  6 rats
300 creatures vanquished.

Vanquished Creatures (others)
  10 fungi
  4 plants
14 creatures vanquished.

Grand Total: 314 creatures vanquished

Notes
Turn   | Place    | Note
-------+----------+-------------------------------------------
     0 | D:1      | pkoi the Minotaur Fighter began the quest for the Orb.
     0 | D:1      | Reached XP level 1. HP: 19/19 MP: 0/0
   287 | D:1      | Reached XP level 2. HP: 19/27 MP: 1/1
   603 | D:1      | Reached XP level 3. HP: 22/33 MP: 2/2
   959 | D:1      | Found a faded altar of an unknown god.
  1395 | D:2      | Found the +6 shillelagh "Devastator" {shatter}
  1728 | D:2      | Reached XP level 4. HP: 41/41 MP: 3/3
  2039 | D:2      | Reached skill level 1 in Maces & Flails
  2091 | D:2      | Reached XP level 5. HP: 40/47 MP: 4/4
  2719 | D:3      | Noticed an orc warrior
  2723 | D:3      | Killed an orc warrior
  2724 | D:3      | Reached skill level 5 in Fighting
  2724 | D:3      | Reached skill level 3 in Maces & Flails
  2724 | D:3      | Reached skill level 5 in Armour
  2861 | D:3      | Reached XP level 6. HP: 56/56 MP: 5/5
  3617 | D:4      | Found Kailau's Book Shoppe.
  3718 | D:4      | Reached skill level 4 in Maces & Flails
  4011 | D:4      | Reached XP level 7. HP: 62/62 MP: 6/6
  4083 | D:4      | Found a glowing drain.
  4087 | Sewer    | Entered a sewer
  4260 | Sewer    | Reached skill level 5 in Maces & Flails
  4772 | D:4      | Identified a scroll of acquirement
  4772 | D:4      | Acquired a manual of Maces & Flails
  4805 | D:5      | Entered Level 5 of the Dungeon
  4968 | D:5      | Found a staircase to the Ecumenical Temple.
  5050 | Temple   | Entered the Ecumenical Temple
  5314 | Temple   | Became a worshipper of Warmaster Okawaru
  5349 | D:5      | Reached skill level 6 in Maces & Flails
  5446 | D:5      | Reached skill level 7 in Maces & Flails
  5869 | D:6      | Noticed a hornet
  5873 | D:6      | Reached skill level 8 in Maces & Flails
  5876 | D:6      | Paralysed by a hornet for 1 turns
  5877 | D:6      | Killed a hornet
  5877 | D:6      | Reached * piety under Okawaru
  5878 | D:6      | Reached skill level 10 in Maces & Flails
  5878 | D:6      | Reached XP level 8. HP: 25/70 MP: 7/7
  6492 | D:6      | Reached skill level 11 in Maces & Flails
  6663 | D:6      | Reached skill level 12 in Maces & Flails
  6779 | D:6      | Noticed Menkaure
  6788 | D:6      | Reached ** piety under Okawaru
  6789 | D:6      | Reached skill level 13 in Maces & Flails
  6790 | D:6      | Killed Menkaure
  6821 | D:6      | Reached skill level 14 in Maces & Flails
  6933 | D:6      | Reached skill level 1 in Dodging
  6977 | D:6      | Reached skill level 1 in Invocations
  6977 | D:6      | Reached XP level 9. HP: 41/75 MP: 8/8
  7325 | D:6      | Reached *** piety under Okawaru
  7981 | D:7      | Received a gift from Okawaru
  8347 | D:8      | Reached skill level 5 in Long Blades
  8511 | D:8      | Reached skill level 15 in Maces & Flails
  8574 | D:8      | Noticed Maggie
  8585 | D:8      | Killed Maggie
  8989 | D:8      | Found a staircase to the Lair.
  9170 | Lair:1   | Entered Level 1 of the Lair of Beasts
  9174 | Lair:1   | Noticed a cane toad
  9180 | Lair:1   | Killed a cane toad
  9180 | Lair:1   | Reached **** piety under Okawaru
  9181 | Lair:1   | Reached XP level 10. HP: 86/86 MP: 11/11
  9265 | Lair:1   | Noticed a cane toad
  9269 | Lair:1   | Killed a cane toad
  9369 | Lair:1   | Noticed a four-headed hydra
  9376 | Lair:1   | Killed a one-headed hydra
  9376 | Lair:1   | Reached ***** piety under Okawaru
  9377 | Lair:1   | Reached skill level 1 in Evocations
  9416 | Lair:1   | Noticed a cane toad
  9423 | Lair:1   | Killed a cane toad
  9787 | Lair:1   | Noticed a cane toad
  9795 | Lair:1   | Killed a cane toad
  9796 | Lair:1   | Reached skill level 16 in Maces & Flails
 10062 | Lair:1   | Noticed a boulder beetle
 10071 | Lair:1   | Killed a boulder beetle
 10072 | Lair:1   | Reached skill level 5 in Dodging
 10730 | Lair:2   | Found a staircase to the Shoals.
 10749 | Lair:2   | Reached skill level 5 in Invocations
 10824 | Lair:2   | Noticed an elephant
 10824 | Lair:2   | Noticed an elephant
 10832 | Lair:2   | Reached XP level 11. HP: 95/95 MP: 13/13
 10839 | Lair:2   | Received a gift from Okawaru
 11231 | Lair:2   | Found a dark tunnel.
 11242 | Volcano  | Entered a volcano
 12266 | Lair:2   | Noticed Gastronok
 12587 | Lair:2   | Killed Gastronok
 13154 | Lair:3   | Identified the +4 eveningstar of Inflation {pain, rN++
                  | Str-4} (Okawaru gifted it to you on level 3 of the Lair of
                  | Beasts)
 13154 | Lair:3   | Received a gift from Okawaru
 13325 | Lair:3   | Found a hole to the Spider Nest.
 13531 | Lair:3   | Reached ****** piety under Okawaru
 13548 | Lair:3   | Noticed a seven-headed hydra
 13558 | Lair:3   | Slain by a basilisk

Illustrated notes

Levels and vault maps discovered:
D:1:      eino_arrival_druids_welcome, layout_basic, serial_rivers,
          chequers_serial_rivers_room_a, chequers_serial_rivers_room_a,
          chequers_serial_rivers_small_3, chequers_serial_rivers_micro_d,
          chequers_serial_rivers_small_a, chequers_serial_rivers_large_b,
          shapermc_ecumenical_altar_mp_vishouse, st_stairs_10, minmay_unequal
D:2:      layout_basic, minmay_pentomino_z2
D:3:      corexii_shack_village, layout_loops_ring, minmay_misc_feat_x,
          minmay_fractal_squares_5
D:4:      layout_cave_pools, serial_shops, shop, gup_sewer_entry_bowl
D:5:      layout_cave_pods, temple_fountains
D:6:      wad_crossroads, layout_basic, uniq_menkaure
D:7:      layout_loops_ring
D:8:      layout_rooms, lair_entry_dummy, uniq_maggie
Temple:   nicolae_temple_the_god_donut
Lair:1:   layout_gridlike, nzn_sisyphean_effort, lemuel_fruit_tree
Lair:2:   layout_layer_cave, elwin_shoals_entry_rocks, enter_volcano_1,
          uniq_gastronok
Lair:3:   layout_roguey, hellmonk_spider_entry_life_and_decay,
          columned_hall_lemuel

Skill      XL: |  1  2  3  4  5  6  7  8  9 10 11 |
---------------+----------------------------------+-----
Fighting       | 4 5 6 7 8 9 |  9.8
Shields        | 4 |  4.0
Armour         | 4 5 6 7 8 9 |  9.9
Long Blades    | 3 4 5 7 8 |  8.6
Maces & Flails | 1 3 4 10 14 15 16 | 16.0
Dodging        | 1 3 5 6 |  6.9
Invocations    | 1 3 5 6 |  6.3
Evocations     | 2 4 |  4.2

Action                   |  1- 3 |  4- 6 |  7- 9 | 10-12 || total
-------------------------+-------+-------+-------+-------++-------
Melee: Long sword        |    71 |    32 |       |     4 ||   107
       Headbutt          |    10 |    13 |    27 |    30 ||    80
       Shillelagh        |       |    78 |   216 |   107 ||   401
Throw: Dart              |       |       |       |    18 ||    18
Invok: Heroism           |       |       |     1 |       ||     1
  Use: Scroll            |       |    14 |     5 |       ||    19
       Potion            |       |     3 |     4 |     3 ||    10
Armor: Scale mail        |    30 |    49 |    65 |       ||   144
       Plate armour      |       |       |     4 |       ||     4
       Steam dragon scal |       |       |       |    38 ||    38
Dodge: Dodged            |    45 |    47 |    61 |    41 ||   194
Block: Buckler           |    17 |    24 |    40 |    15 ||    96
